 Dungeon Crawl Stone Soup version 0.18.1-50-g88ac8fd (webtiles) character file.

90 sleepydude the Covered (level 4, -2/37 HPs)
             Began as a Formicid Fighter on Oct 16, 2016.
             Slain by a gnoll
             ... wielding a +0 halberd
              (6 damage)
             ... on level 2 of the Dungeon.
             The game lasted 00:03:18 (1534 turns).

sleepydude the Covered (Formicid Fighter)           Turns: 1534, Time: 00:03:21

Health: -2/37      AC:  7    Str: 21    XL:     4   Next: 85%
Magic:  4/4        EV:  8    Int:  8    God:
Gold:   50         SH:  9    Dex: 10    Spells: 0 memorised, 3 levels left

rFire  . . .     SeeInvis +     a - +0 flail
rCold  . . .     Gourm    .     b - +0 scale mail
rNeg   . . .     Faith    .     c - +0 shield
rPois  .         Spirit   .     (helmet unavailable)
rElec  .         Dismiss  .     (no cloak)
rCorr  .         Reflect  .     (no gloves)
SustAt .         Harm     .     (no boots)
MR     .....                    (no amulet)
Stlth  ..........               (no ring)
                                m - ring of wizardry

@: not resistant to hostile enchantments, extremely unstealthy
A: permanent stasis, dig shafts and tunnels, four strong arms, antennae 3
a: Dig, Shaft Self


You were on level 2 of the Dungeon.
You were hungry.

You visited 1 branch of the dungeon, and saw 2 of its levels.

You collected 50 gold pieces.

Inventory:

Hand Weapons
 a - a +0 flail (weapon)
Armour
 b - a +0 scale mail (worn)
 c - a +0 shield (worn)
Jewellery
 m - a ring of wizardry (left hand)
Scrolls
 e - a scroll of magic mapping {unknown}
 h - 5 scrolls of identify {unknown}
 i - a scroll of fear {unknown}
 p - a scroll of remove curse {unknown}
 r - a scroll of enchant weapon {unknown}
Potions
 d - 2 potions of might
 g - a potion of curing {unknown}
 k - 2 potions of magic {unknown}
 l - 2 potions of brilliance {unknown}
 o - a potion of haste
Comestibles
 f - 2 bread rations
 j - a meat ration
 n - 6 fruits
 q - a beef jerky
 s - a chunk of flesh


   Skills:
 + Level 4.0 Fighting
 + Level 2.5 Maces & Flails
 + Level 4.3 Armour
 + Level 4.3 Shields


You had 3 spell levels left.
You didn't know any spells.

Dungeon Overview and Level Annotations

Branches:
Dungeon (2/15)

Altars:


Innate Abilities, Weirdness & Mutations

You are under a permanent stasis effect.
You can dig through walls and to a lower floor.
Your four strong arms can wield two-handed weapons with a shield.
You have a pair of large antennae on your head (SInv).


Message History

The gnoll barely misses you. You block the gnoll's attack. x2
You hit the gnoll.
The gnoll is severely wounded.
The gnoll hits you with a halberd!
The gnoll hits you from afar with a halberd.
You hit the gnoll.
The gnoll is almost dead.
The gnoll hits you with a halberd.
* * * LOW HITPOINT WARNING * * *
The gnoll hits you from afar with a halberd.
* * * LOW HITPOINT WARNING * * *
You block the gnoll's attack.
Are you sure you want to shaft yourself?
You are feeling hungry.
You block the gnoll's attack.
The gnoll hits you from afar with a halberd.
* * * LOW HITPOINT WARNING * * *
You begin to dig a shaft.
You continue digging a shaft.
The gnoll hits you with a halberd.
You die...

#............[.####..#
###.###### #........#
#.###############..#
#........# #..# ########.#
##..# #.# #...# #.# #..##
#.# #..# ## ## #@# #..# ...
.># #g# #..# #.###.# #g#
#..# . ...#.#####.# #..#
.#. ###.........# #..# ...
#..g.g######## #..#
.....#....(.......######..#
.#.#...............†......#
.#.#####...######.######.##


You could see 2 gnolls.

Vanquished Creatures
  2 gnolls (D:2)
  4 adders
  A dart slug (D:1)
  A giant gecko (D:1)
  3 giant cockroaches (D:1)
  3 hobgoblins
  4 jackals (D:2)
  2 kobolds (D:2)
  4 bats
  4 goblins
  4 rats
32 creatures vanquished.

Notes
Turn   | Place    | Note
--------------------------------------------------------------
     0 | D:1      | sleepydude the Formicid Fighter began the quest for the Orb.
     0 | D:1      | Reached XP level 1. HP: 18/18 MP: 1/1
   150 | D:1      | Reached XP level 2. HP: 24/24 MP: 2/2
   613 | D:1      | Reached XP level 3. HP: 18/29 MP: 3/3
  1038 | D:2      | Reached XP level 4. HP: 18/37 MP: 4/4
  1534 | D:2      | Slain by a gnoll

Skill      XL: |  1  2  3  4 |
---------------+-------------+-----
Armour         | 4 |  4.3
Shields        | 4 |  4.3
Fighting       | 4 |  4.0
Maces & Flails | |  2.5

Action                   |  1- 3 |  4- 6 || total
-------------------------+-------+-------++-------
Melee: Flail             |    88 |    28 ||   116
 Abil: Shaft Self        |       |     1 ||     1
  Eat: Chunk             |       |     2 ||     2
Armor: Scale mail        |    33 |    10 ||    43
Dodge: Dodged            |    29 |    11 ||    40
Block: Shield            |    58 |    23 ||    81
